[Event "*** SCC Grand Prix: Titled Tuesday Blitz"]
[Site "Chess.com"]
[Date "2020.08.11"]
[Round "4"]
[White "louis198"]
[Black "Dvacetsekund"]
[Result "1-0"]
[WhiteElo "2578"]
[BlackElo "2140"]
[TimeControl "180+1"]
[EndTime "10:39:20 PDT"]
[Termination "louis198 won by checkmate"]

1. d4 d5 2. c4 c6 3. Nc3 Nf6 4. Nf3 e6 5. Bg5 dxc4 6. e4 b5 7. e5 h6 8. Bh4 g5 9. Nxg5 hxg5 10. Bxg5 Nbd7 11. exf6 Bb7 12. Be2 Qb6 13. Bf3 O-O-O 14. Qe2 c5 15. d5 exd5 16. Nxd5 Bxd5 17. Bxd5 Bh6 18. Bxh6 Rxh6 19. O-O-O Qxf6 20. Bf3 Rhh8 21. Rd5 Rhe8 22. Qd2 Qe6 23. Rd1 Kc7 24. Qf4+ Ne5 25.
Rxc5+ Kb6 26. Rxd8 Rxd8 27. Rxe5 Qd6 28. Qe3+ Ka6 29.
Re7 c3 30. Qxa7# 1-0

[Event "*** SCC Grand Prix: Titled Tuesday Blitz"]
[Site "Chess.com"]
[Date "2020.08.11"]
[Round "4"]
[White "ShahMatKanal"]
[Black "queen_iryna"]
[Result "1-0"]
[WhiteElo "2450"]
[BlackElo "2249"]
[TimeControl "180+1"]
[EndTime "10:39:21 PDT"]
[Termination "ShahMatKanal won by resignation"]

1. d4 d6 2. Nc3 Nf6 3. e4 e5 4. Nf3 Nbd7 5. Bc4 Be7 6. O-O O-O 7. h3 c6 8. a4 h6 9. a5 Re8 10. Re1 Bf8 11. d5 b5 12. Bf1 b4 13. dxc6 bxc3 14. cxd7 Bxd7 15. bxc3 Bc6 16. Bd3 d5 17.
exd5 Qxd5 18. c4 Qc5 19. Ba3 Bxf3 20. Qxf3 Qd4 21. Bxf8 Rxf8 22. Rad1 Qc5 23. Qf5 Rfe8 24. g4 Qxa5 25. h4 Qb6 26. g5 g6 27. Qxf6 Re6 28.
Qf3 hxg5 29. Qxa8+ Kg7 30. hxg5 Rc6 31. Qe8 Re6 32.
Qc8 Qa5 33. Ra1 Qc3 34. Qc7 e4 35. Bxe4 Rxe4 36. Rxe4 Qxa1+ 37. Kg2 Qc3 38. Qe5+ Qxe5 39. Rxe5 1-0

[Event "*** SCC Grand Prix: Titled Tuesday Blitz"]
[Site "Chess.com"]
[Date "2020.08.11"]
[Round "4"]
[White "Kavyev_Ruslan"]
[Black "Fighterman91"]
[Result "0-1"]
[WhiteElo "2451"]
[BlackElo "2627"]
[TimeControl "180+1"]
[EndTime "10:39:22 PDT"]
[Termination "Fighterman91 won by resignation"]

1. d4 Nf6 2. c4 g6 3. Nc3 d5 4. Bf4 Bg7 5. e3 c5 6. dxc5 Qa5 7. Rc1 Ne4 8. Ne2 dxc4 9. f3 Nxc5 10. Ng3 Be6 11.
e4 O-O 12. Be2 Rd8 13. Qc2 Nd3+ 14. Bxd3 cxd3 15. Qd2 Nc6 16. O-O Bxa2 17. Ra1 Qb6+ 18. Be3 Bd4 19. Bxd4 Nxd4 20. Qf2 Bc4 21. Rfd1 Nb3 22.
Rab1 Qxf2+ 23. Kxf2 d2 24. Nd5 Bxd5 25. exd5 Rxd5 26.
Ne4 Rad8 27. Ke2 b5 28. Nc3 Re5+ 29. Kf2 b4 30. Ne4 f5 31. Ng3 Red5 32. Nf1 f4 33. Ke2 e5 34. g3 g5 35. Kf2 a5 36. Ke2 a4 37. Kf2 Kf7 38. Ke2 Kf6 39. Kf2 h5 40.
Ke2 g4 41. Kf2 Rd3 42. fxg4 hxg4 43. gxf4 exf4 44. Ke2 Kg5 45. Kf2 Kh4 46. Ke2 R3d4 47. Kf2 R8d6 48. Ke2 Nc1+ 49. Kf2 b3 50. Ra1 Nd3+ 51.
Ke2 Re4+ 0-1

[Event "*** SCC Grand Prix: Titled Tuesday Blitz"]
[Site "Chess.com"]
[Date "2020.08.11"]
[Round "4"]
[White "David_Paravyan"]
[Black "Shahinyan_ChessMood"]
[Result "0-1"]
[WhiteElo "2870"]
[BlackElo "2703"]
[TimeControl "180+1"]
[EndTime "10:39:23 PDT"]
[Termination "Shahinyan_ChessMood won by resignation"]

1. d4 Nf6 2. c4 c5 3. d5 e6 4. Nc3 exd5 5. cxd5 d6 6. e4 g6 7. Bd3 Bg7 8. Nge2 O-O 9. O-O a6 10. a4 Re8 11. f4 Bg4 12. Qe1 Bxe2 13. Qxe2 Nbd7 14.
Qf3 Rc8 15. Bc2 c4 16. Kh1 Nc5 17. f5 Nd3 18. Bxd3 cxd3 19. Bg5 h6 20. Bh4 g5 21. Be1 Qb6 22. Qxd3 Qxb2 23. Bd2 Ng4 24. f6 Qxa1 25. Qf3 Ne5 26. Qf2 Qb2 27. fxg7 Rxc3 28. Bxc3 Qxc3 29. Qf6 Qd3 30. h3 Qxe4 31. Rf5 Kh7 32. Kh2 Rg8 33. Rf2 Nd3 34. Rf3 Qe5+ 0-1

[Event "*** SCC Grand Prix: Titled Tuesday Blitz"]
[Site "Chess.com"]
[Date "2020.08.11"]
[Round "4"]
[White "mfwagnerpeixoto"]
[Black "okriak"]
[Result "0-1"]
[WhiteElo "2288"]
[BlackElo "2766"]
[TimeControl "180+1"]
[EndTime "10:39:23 PDT"]
[Termination "okriak won by resignation"]

1. d4 d6 2. Nf3 Bg4 3. c4 Bxf3 4.
exf3 c6 5. Nc3 Nf6 6. Bd3 d5 7. cxd5 Nxd5 8. Nxd5 Qxd5 9. Be4 Qa5+ 10. Bd2 Qb6 11. Bc3 e6 12. O-O Nd7 13. Re1 Be7 14. d5 cxd5 15. Bxd5 Bf6 16. Qa4 Bxc3 17. bxc3 Rb8 18.
Rad1 Rd8 19. Rb1 Qc5 20. Bxe6 fxe6 21. Rxe6+ Kf7 22. Qb3 Kf8 23. Qxb7 h5 24. Rb5 Qxc3 25. Rf5+ Kg8 26. g3 h4 27. Qe4 Qc1+ 28. Qe1 Qxe1+ 29. Rxe1 hxg3 30. fxg3 Nf6 31. Re2 Rd7 32. Ra5 Kf7 33. Kg2 Rhd8 0-1

[Event "*** SCC Grand Prix: Titled Tuesday Blitz"]
[Site "Chess.com"]
[Date "2020.08.11"]
[Round "4"]
[White "Artem_Sadovsky"]
[Black "PawnEatingZombie"]
[Result "1/2-1/2"]
[WhiteElo "2418"]
[BlackElo "2221"]
[TimeControl "180+1"]
[EndTime "10:39:24 PDT"]
[Termination "Game drawn by repetition"]

1. Nf3 d5 2. c4 e6 3. b3 Nf6 4. Bb2 Bd6 5. d3 b6 6. Nbd2 Bb7 7. g3 Nbd7 8. Bg2 O-O 9. O-O c5 10. e4 dxe4 11. Ng5 Be5 12. Bxe5 Nxe5 13. Ngxe4 Nxe4 14. Nxe4 Qc7 15. Qh5 h6 16. f4 Nxd3 17. Rad1 Rad8 18.
f5 exf5 19. Qxf5 Nb4 20. Kh1 Nc6 21. Qg4 Nd4 22. Nf6+ Kh8 23. Nd5 Bxd5 24. Bxd5 f5 25. Qh5 Rxd5 26. cxd5 Qd6 27. Rxd4 cxd4 28. Rxf5 d3 29.
Rxf8+ Qxf8 30. Kg2 Qe7 31. Qf3 d2 32. d6 Qe1 33. Qf8+ Kh7 34. Qf5+ Kh8 35. d7 Qe2+ 36. Kh3 d1=Q 37. Qf8+ Kh7 38. Qf5+ Kh8 39. Qf8+ Kh7 40. d8=Q Qxd8 41. Qxd8 Qe6+ 42. Kg2 Qe2+ 43. Kg1 Qxa2 44. Qd4 Kh8 45. Qe4 Qxb3 46. Qe8+ Kh7 47. Qe4+ Kh8 48.
Qa8+ Kh7 49. Qe4+ Kh8 1/2-1/2

[Event "*** SCC Grand Prix: Titled Tuesday Blitz"]
[Site "Chess.com"]
[Date "2020.08.11"]
[Round "4"]
[White "Chesswizard_2007"]
[Black "UmbertoConcelli"]
[Result "0-1"]
[WhiteElo "2503"]
[BlackElo "2711"]
[TimeControl "180+1"]
[EndTime "10:39:25 PDT"]
[Termination "UmbertoConcelli won by resignation"]

1. d4 Nf6 2. c4 g6 3. f3 Nc6 4. d5 Ne5 5. e4 d6 6. Nc3 Bg7 7. Be3 O-O 8. Qd2 c6 9. h4 cxd5 10. cxd5 h5 11. Nh3 Bxh3 12. Rxh3 Rc8 13. O-O-O a6 14. Kb1 b5 15. Be2 Nc4 16. Bxc4 Rxc4 17.
Rhh1 Nd7 18. Ne2 Ne5 19. Rc1 Rxc1+ 20. Rxc1 Nc4 21. Rxc4 bxc4 22. Nd4 Qd7 23. Nc6 Qb7 24. Bd4 e5 25. Bc3 Bf6 26. g3 Qb6 27. Qe1 Rc8 28.
f4 Rxc6 29. dxc6 Qxc6 30. fxe5 Bxe5 31. Bxe5 dxe5 32. Qe3 Kg7 33. Kc2 Qa4+ 34. Kd2 Qxa2 35. Qc3 Kf6 36. Qb4 Qb3 37. Qd6+ Kg7 38. Qxe5+ Kh7 39.
Qf6 Qd3+ 40. Kc1 Kg8 41. e5 c3 42. bxc3 Qxc3+ 43. Kb1 Qxg3 44. e6 Qe1+ 45. Kc2 Qxe6 0-1

[Event "*** SCC Grand Prix: Titled Tuesday Blitz"]
[Site "Chess.com"]
[Date "2020.08.11"]
[Round "4"]
[White "deribas12345"]
[Black "anon569"]
[Result "1-0"]
[WhiteElo "2603"]
[BlackElo "2353"]
[TimeControl "180+1"]
[EndTime "10:39:26 PDT"]
[Termination "deribas12345 won on time"]

1. d4 Nf6 2. c4 e6 3. Nc3 Bb4 4. a3 Bxc3+ 5. bxc3 b6 6. f3 Qe7 7. e4 e5 8. Bd3 Bb7 9. Ne2 d6 10. O-O Nbd7 11. Ng3 g6 12. f4 exf4 13. Bxf4 O-O-O 14.
Qf3 h6 15. Rae1 Rde8 16. h3 Qf8 17. Qf2 Qg7 18. Bd2 Rhf8 19. Qf4 Ng8 20. a4 a5 21. Kh1 Re7 22. Qf2 Rfe8 23. Rb1 Ndf6 24. c5 dxc5 25. dxc5 Nd7 26. cxb6 cxb6 27. Rxb6 Nxb6 28. Qxb6 Qe5 29. Bf4 Qe6 30. Qxa5 g5 31. Qc5+ Qc6 32. Qxc6+ Bxc6 33. Bd6 Rd7 34. e5 Bxa4 35. Bf5 1-0

[Event "*** SCC Grand Prix: Titled Tuesday Blitz"]
[Site "Chess.com"]
[Date "2020.08.11"]
[Round "4"]
[White "amintabatabaei"]
[Black "Lenyas66"]
[Result "1-0"]
[WhiteElo "3027"]
[BlackElo "2485"]
[TimeControl "180+1"]
[EndTime "10:39:29 PDT"]
[Termination "amintabatabaei won by resignation"]

1. e4 e6 2. d4 d5 3. Nc3 Nf6 4. e5 Nfd7 5. f4 c5 6. Nf3 Nc6 7. Be3 Be7 8. Qd2 O-O 9. dxc5 Qa5 10. a3 Nxc5 11. O-O-O Na4 12. Nb5 Qxd2+ 13. Rxd2 a6 14. Nbd4 Nxd4 15. Nxd4 Bd7 16. Kb1 Rac8 17. Bd3 Nc5 18.
g4 Nxd3 19. cxd3 Rc7 20. Rc2 Rxc2 21. Nxc2 Bb5 22. Rd1 Ba4 23. Rd2 f6 24. Bd4 Rc8 25.
Ne3 Kf7 26. h3 Bb3 27. Rf2 Rc6 28. f5 fxe5 29. Bxe5 g6 30. f6 Bc5 31. d4 Bf8 32. g5 h5 33. Ng2 b5 34. Nh4 a5 35. Nf3 b4 36. Bg3 Rc8 37. Ne5+ Ke8 38. f7+ Kd8 39. Nxg6 Kd7 40. Nxf8+ Rxf8 41. g6 1-0

[Event "*** SCC Grand Prix: Titled Tuesday Blitz"]
[Site "Chess.com"]
[Date "2020.08.11"]
[Round "4"]
[White "LyonBeast"]
[Black "Adham_Fawzy"]
[Result "1-0"]
[WhiteElo "3016"]
[BlackElo "2726"]
[TimeControl "180+1"]
[EndTime "10:39:29 PDT"]
[Termination "LyonBeast won on time"]

1. Nf3 c5 2. b3 Nc6 3. Bb2 d6 4. d4 cxd4 5. Nxd4 Nf6 6. e3 g6 7. Nxc6 bxc6 8. Bxf6 exf6 9. c4 Bg7 10. Nc3 f5 11. Rc1 Qa5 12. Qd2 O-O 13. Be2 Rd8 14. O-O d5 15. cxd5 cxd5 16. Bf3 Ba6 17. Rfd1 Rac8 18. Nb1 Qxd2 19. Nxd2 Rxc1 20. Rxc1 d4 21.
exd4 Bh6 22. Rc6 Bb7 23. Rc7 Rxd4 24. Rxb7 Rxd2 25. Rxa7 Bf8 26. Ra5 Bb4 27. Ra4 Bc5 28. Kf1 Rxf2+ 29. Ke1 Rb2 30. h3 h5 31. Kd1 Kg7 32.
Rc4 Be7 33. Rc2 Rb1+ 34. Kd2 Kh6 35. Kc3 g5 36. Bd5 Kg6 37. Re2 Bf6+ 38. Kc2 Rb2+ 39.
Kd3 Rb1 40. Kc4 Rc1+ 41. Kb5 g4 42. a4 f4 43. hxg4 hxg4 44. a5 Bd4 45. b4 f3 46.
gxf3 g3 47. f4 Kf5 48. Bxf7 Kxf4 49. Bd5 Be3 50. a6 Bf2 51. Bg2 Ra1 52. Re7 Rg1 53.
Rf7+ Ke5 54. Bc6 Ra1 55. Bb7 1-0

[Event "*** SCC Grand Prix: Titled Tuesday Blitz"]
[Site "Chess.com"]
[Date "2020.08.11"]
[Round "4"]
[White "FMOlexandrProhorov"]
[Black "Iskusnyh"]
[Result "1/2-1/2"]
[WhiteElo "2139"]
[BlackElo "2566"]
[TimeControl "180+1"]
[EndTime "10:39:29 PDT"]
[Termination "Game drawn by repetition"]

1. e4 e6 2. b3 d5 3. exd5 exd5 4. Bb2 Nf6 5. Nf3 Bd6 6. h3 O-O 7. Be2 Bf5 8. O-O Nbd7 9. d4 Re8 10. Nbd2 Bxc2 11.
Qxc2 Rxe2 12. Qd3 Re8 13. Rfe1 c6 14. Ne5 Bb4 15. Bc3 Bxc3 16. Qxc3 Nxe5 17. dxe5 Nd7 18. Nf3 Qb6 19. Rad1 a5 20. Ng5 Nf8 21. Qf3 Re7 22.
Qg4 Rae8 23. Nf3 Ng6 24. e6 Rxe6 25. Rxe6 Rxe6 26. Ng5 Re8 27. Qd7 Rf8 28. Re1 h6 29. Nf3 Qb4 30. Re8 Rxe8 31. Qxe8+ Qf8 32. Qd7 Qe7 33.
Qc8+ Kh7 34. h4 Nxh4 35. Nxh4 Qxh4 36. Qf5+ Kg8 37. Qc8+ Kh7 38. Qf5+ g6 39. Qxf7+ Kh8 40. Qf8+ Kh7 41. Qf7+ Kh8 42. Qf8+ Kh7 43. Qf7+ 1/2-1/2

[Event "*** SCC Grand Prix: Titled Tuesday Blitz"]
[Site "Chess.com"]
[Date "2020.08.11"]
[Round "4"]
[White "KarpovVadim"]
[Black "GlennTipton"]
[Result "1/2-1/2"]
[WhiteElo "2280"]
[BlackElo "2449"]
[TimeControl "180+1"]
[EndTime "10:39:29 PDT"]
[Termination "Game drawn by repetition"]

1. d4 Nf6 2. c4 c5 3. d5 e6 4. Nc3 exd5 5. cxd5 d6 6. e4 g6 7. f3 Bg7 8. Be3 O-O 9. Nge2 a6 10. a4 Qa5 11. Qd2 b5 12. Nc1 b4 13. Nd1 Nbd7 14. Be2 Qc7 15. O-O a5 16. Bg5 c4 17.
Ne3 Ba6 18. Kh1 Ne5 19. Rd1 Rfb8 20. Bf1 c3 21. bxc3 bxc3 22. Qe1 Nh5 23. Bxa6 Rxa6 24. Ne2 c2 25. Rdc1 Nd3 26. Qd2 Nxc1 27. Rxc1 Rb1 28. g4 Bb2 29. gxh5 Bxc1 30. Nxc1 Rab6 31. Kg2 R6b2 32. Ng4 Rxc1 33. Nh6+ Kf8 34. Qd4 Rg1+ 35. Kh3 Rxg5 36. Qh8+ Ke7 37. Ng8+ Kd7 38. Nf6+ Ke7 39. Ng8+ Kd7 40. Nf6+ Ke7 41. Ng8+ 1/2-1/2

[Event "*** SCC Grand Prix: Titled Tuesday Blitz"]
[Site "Chess.com"]
[Date "2020.08.11"]
[Round "4"]
[White "artichaud"]
[Black "AustrianFalcon"]
[Result "0-1"]
[WhiteElo "2148"]
[BlackElo "2467"]
[TimeControl "180+1"]
[EndTime "10:39:29 PDT"]
[Termination "AustrianFalcon won on time"]

1. f4 g6 2. e3 Bg7 3. Nf3 Nf6 4. d3 O-O 5. Nc3 d5 6. g3 c5 7. Bg2 Nc6 8. O-O Qc7 9. e4 dxe4 10. dxe4 e5 11.
Nd5 Nxd5 12. exd5 Nd4 13. Nxe5 Bxe5 14. fxe5 Qxe5 15. c3 Ne2+ 16. Kh1 Bg4 17. Qd3 Rfe8 18. Bd2 Rad8 19. Rae1 b5 20. Qxb5 Qh5 21. Bf4 g5 22. Bc7 Rd7 23. d6 Nxg3+ 24. Kg1 Ne2+ 25. Kh1 Re3 26.
Rxe2 Bxe2 27. Qxd7 Bxf1 0-1

[Event "*** SCC Grand Prix: Titled Tuesday Blitz"]
[Site "Chess.com"]
[Date "2020.08.11"]
[Round "4"]
[White "12teen"]
[Black "arminmusovic"]
[Result "1-0"]
[WhiteElo "2681"]
[BlackElo "2487"]
[TimeControl "180+1"]
[EndTime "10:39:30 PDT"]
[Termination "12teen won by checkmate"]

1. g3 Nf6 2. Bg2 d5 3. d3 Bg4 4. Nc3 e6 5. h3 Bh5 6. g4 Bg6 7. f4 h5 8. g5 Ng8 9. Bd2 c6 10. e4 Bd6 11. Qe2 Ne7 12. Nf3 Qc7 13. e5 Bb4 14. O-O h4 15. Kh1 Nf5 16. Be1 Nd7 17. Qd1 Ne3 18. Qe2 Nxf1 19. Qxf1 Bxc3 20. bxc3 a6 21. Rb1 c5 22. c4 dxc4 23. Nxh4 cxd3 24. Rxb7 dxc2 25. Rxc7 c1=Q 26. Bxa8 Rxh4 27. Bg2 Rxf4 28. Qe2 Rd4 29. Kh2 Qxg5 30. Bg3 Rd2 31. Qxa6 Rxg2+ 32. Kxg2 Be4+ 33. Kf1 Qc1+ 34. Kf2 Qd2+ 35. Qe2 Qd4+ 36.
Qe3 Qb2+ 37. Ke1 Qb1+ 38. Ke2 Qxa2+ 39. Qd2 Qc4+ 40. Kf2 Bd5 41. Rc8+ Ke7 42. Qg5+ Nf6 43. exf6+ gxf6 44. Rc7+ Kf8 45. Qh6+ Kg8 46. Rc8# 1-0

[Event "*** SCC Grand Prix: Titled Tuesday Blitz"]
[Site "Chess.com"]
[Date "2020.08.11"]
[Round "4"]
[White "mapleaff"]
[Black "Aemulus20"]
[Result "0-1"]
[WhiteElo "2334"]
[BlackElo "2557"]
[TimeControl "180+1"]
[EndTime "10:39:30 PDT"]
[Termination "Aemulus20 won by resignation"]

1. d4 Nf6 2. Nf3 e6 3. Bf4 b6 4. e3 Bb7 5. Be2 c5 6. c3 Be7 7. h3 O-O 8. O-O d6 9. Nbd2 cxd4 10. exd4 a6 11. Re1 Re8 12. Nf1 Nbd7 13. Ng3 Nf8 14. Bd3 Ng6 15. Bg5 Nd5 16. Bxe7 Qxe7 17. Qd2 Ndf4 18.
Be4 b5 19. a4 Qc7 20. axb5 axb5 21. Rxa8 Rxa8 22. Bxb7 Qxb7 23. Ne4 Qd5 24. Kh2 h6 25. g3 f5 26. gxf4 fxe4 27. Ng1 Rf8 28. Ne2 Nh4 29. Ng1 Ng6 30. Ne2 Qf5 31. b3 d5 32. c4 bxc4 33. bxc4 Nh4 34. Ng1 Qg6 35. f3 exf3 36. cxd5 exd5 37.
Qf2 Rxf4 38. Re3 Rxd4 39. Nxf3 Rf4 40. Kh1 Rxf3 41. Rxf3 Nxf3 42. Qxf3 Qe4 43. Qxe4 dxe4 44. Kg2 Kf7 45. Kg3 Ke6 46. Kf4 Kd5 47. Ke3 Ke5 48. h4 g5 49. hxg5 hxg5 50. Kf2 Kf4 51. Kg2 e3 52. Kf1 Kf3 53. Ke1 e2 0-1

[Event "*** SCC Grand Prix: Titled Tuesday Blitz"]
[Site "Chess.com"]
[Date "2020.08.11"]
[Round "4"]
[White "BJthechessgod"]
[Black "GianmarcoVaR"]
[Result "0-1"]
[WhiteElo "2249"]
[BlackElo "2449"]
[TimeControl "180+1"]
[EndTime "10:39:30 PDT"]
[Termination "GianmarcoVaR won by checkmate"]

1. e4 c6 2. d4 d5 3. Nc3 dxe4 4. Nxe4 Nf6 5. Nxf6+ exf6 6. c3 Bd6 7. Bd3 O-O 8.
Qc2 h6 9. Ne2 Be6 10. Bf4 Re8 11.
O-O-O Bxa2 12. Bxd6 Qxd6 13. c4 Qb4 14. Qc3 Na6 15. Kc2 Qa4+ 16. b3 Bxb3+ 17. Qxb3 Nb4+ 18. Kc3 Qxb3+ 19. Kxb3 Nxd3 20. Rd2 Nxf2 21. Rf1 Ne4 22. Rd3 Rad8 23. Nf4 g5 24. Nh5 Nc5+ 25. dxc5 Rxd3+ 26. Kc2 Red8 27. Nxf6+ Kf8 28. Ng4 Rd2+ 29. Kc1 Rxg2 30.
Nxh6 Rd7 31. h3 Rh2 32. Rf3 Re7 33. Kd1 a5 34. Nf5 Ree2 35. Nd6 Ra2 36. Rxf7+ Kg8 37. Rf2 Rhxf2 38. Ke1 Rh2 39. Kf1 Ra1# 0-1

[Event "*** SCC Grand Prix: Titled Tuesday Blitz"]
[Site "Chess.com"]
[Date "2020.08.11"]
[Round "4"]
[White "mishikomchedlishvili"]
[Black "Grischuk"]
[Result "1/2-1/2"]
[WhiteElo "2816"]
[BlackElo "3030"]
[TimeControl "180+1"]
[EndTime "10:39:31 PDT"]
[Termination "Game drawn by repetition"]

1. d4 e6 2. c4 b6 3. e4 Bb4+ 4. Bd2 Bxd2+ 5. Qxd2 d5 6. cxd5 exd5 7. e5 Ne7 8. Bb5+ c6 9. Bd3 c5 10. Ne2 Nbc6 11.
O-O O-O 12. f4 Bf5 13. Nbc3 Qd7 14. Rad1 Rfd8 15. h3 cxd4 16. Nb1 Bxd3 17. Qxd3 Nf5 18. Rc1 Nb4 19. Qb3 d3 20. Qxb4 dxe2 21. Rfe1 d4 22. Rxe2 Rac8 23. Rxc8 Rxc8 24. Nd2 Rc1+ 25. Kh2 Rc2 26.
Rf2 h6 27. Ne4 d3 28. Rd2 Rxd2 29. Nxd2 Qc6 30. Qe4 Qc2 31. Qxf5 Qxd2 32. Qc8+ Kh7 33. Qf5+ Kg8 34. Qc8+ Kh7 35. Qf5+ Kg8 1/2-1/2

[Event "*** SCC Grand Prix: Titled Tuesday Blitz"]
[Site "Chess.com"]
[Date "2020.08.11"]
[Round "4"]
[White "Aygehovit1992"]
[Black "Ave_Mariia"]
[Result "1-0"]
[WhiteElo "2613"]
[BlackElo "2384"]
[TimeControl "180+1"]
[EndTime "10:39:31 PDT"]
[Termination "Aygehovit1992 won by resignation"]

1. e4 c5 2. Nf3 d6 3. d4 cxd4 4. Nxd4 Nf6 5. Nc3 g6 6. Be2 Bg7 7. Be3 Nc6 8. Qd2 O-O 9. h4 d5 10. exd5 Nxd5 11. Nxd5 Qxd5 12. Bf3 Qd6 13. Nxc6 Qxd2+ 14. Bxd2 bxc6 15. O-O-O Be6 16. b3 Rac8 17. Rhe1 c5 18.
c4 Rfd8 19. Bg5 Kf8 20. Bd5 h6 21. Bxe6 fxe6 22. Rxd8+ Rxd8 23. Be3 Rc8 24. Kc2 a5 25. a4 Kf7 26. Bd2 Ra8 27. Bc3 Bxc3 28. Kxc3 Kf6 29. f4 Rc8 30. Re5 Rc6 31. g4 Rc7 32. Kd3 Rc6 33.
Ke4 Rc7 34. h5 gxh5 35. Rxh5 Kg6 36. Ke5 Rc6 37. Rh3 Rd6 38. Re3 Kf7 39. Rh3 Kg6 40.
Rg3 Kf7 41. g5 hxg5 42. fxg5 Kg6 43. Rf3 Kxg5 44. Rg3+ Kh4 45. Rg8 Rd3 46. Rb8 Re3+ 47. Kf4 1-0

[Event "*** SCC Grand Prix: Titled Tuesday Blitz"]
[Site "Chess.com"]
[Date "2020.08.11"]
[Round "4"]
[White "Spriteball"]
[Black "Ural_bogatyr"]
[Result "0-1"]
[WhiteElo "2069"]
[BlackElo "2369"]
[TimeControl "180+1"]
[EndTime "10:39:31 PDT"]
[Termination "Ural_bogatyr won by checkmate"]

1. d4 Nf6 2. c4 e5 3. dxe5 Ng4 4. Nf3 Bc5 5. e3 Nc6 6. Be2 O-O 7. O-O Re8 8. a3 a5 9. Nc3 Ngxe5 10. Nxe5 Nxe5 11.
b3 Ra6 12. Ne4 Ba7 13. Bb2 Rh6 14. Ng3 Qh4 15. h3 d6 16. Qd5 Rg6 17. Bxe5 Rxe5 18. Qf3 f6 19. Bd3 Rgg5 20. Qf4 Qh6 21. Ne4 Rgf5 22.
Qxh6 gxh6 23. Ng3 Rg5 24. Kh2 Kg7 25. f4 Rxg3 26. fxe5 Rxe3 27. exf6+ Kf7 28. Bxh7 Bd4 29. Rae1 Be5+ 30. Kh1 Rxb3 31. Bg6+ Kf8 32. f7 Be6 33. Bh5 Bxc4 34. Rf6 Bd5 35. Rxh6 Rxh3+ 36. Kg1 Bd4+ 37. Kf1 Bc4+ 38. Re2 Rh1# 0-1

[Event "*** SCC Grand Prix: Titled Tuesday Blitz"]
[Site "Chess.com"]
[Date "2020.08.11"]
[Round "4"]
[White "pooh2012"]
[Black "larisakalinina"]
[Result "0-1"]
[WhiteElo "2337"]
[BlackElo "1984"]
[TimeControl "180+1"]
[EndTime "10:39:31 PDT"]
[Termination "larisakalinina won on time"]

1. d4 Nf6 2. Nc3 d5 3. Bf4 c6 4. e3 Bf5 5. f3 g6 6. g4 Bc8 7.
h4 h5 8. g5 Nfd7 9. Qd2 Bg7 10. O-O-O e5 11. Bg3 exd4 12. exd4 O-O 13. f4 Nb6 14.
Bh3 Bxh3 15. Nxh3 Qd7 16. Qd3 Nc4 17. b3 Nd6 18. Bf2 Qf5 19. Qd2 a5 20. Ng1 b5 21.
Nf3 a4 22. Be3 axb3 23. axb3 b4 24. Na4 Na6 25. Ne5 Ne4 26. Qd3 Rfc8 27. Nb6 c5 28. Nxc8 Qxc8 29. dxc5 Naxc5 30. Bxc5 Qxc5 31. Kb2 Nf2 32. Qd2 Nxh1 33. Qd4 Qa5 34. Kc1 Ng3 35. Kd2 Nf5 0-1

[Event "*** SCC Grand Prix: Titled Tuesday Blitz"]
[Site "Chess.com"]
[Date "2020.08.11"]
[Round "4"]
[White "ehrenfeld"]
[Black "140mariam"]
[Result "1/2-1/2"]
[WhiteElo "2546"]
[BlackElo "2342"]
[TimeControl "180+1"]
[EndTime "10:39:33 PDT"]
[Termination "Game drawn by repetition"]

1. e4 e6 2. d3 d5 3. Qe2 Be7 4. Nf3 Nf6 5. g3 O-O 6. Bg2 c5 7. e5 Nfd7 8. c4 dxc4 9. dxc4 Nc6 10. O-O Qc7 11. Re1 b6 12. Nc3 Bb7 13. Bf4 a6 14. Rad1 Rad8 15. Nd5 exd5 16. cxd5 Ncxe5 17. Nxe5 Nxe5 18. Bxe5 Bd6 19. Bc3 b5 20. b3 Qd7 21.
Qh5 Rfe8 22. Re4 Rxe4 23. Bxe4 h6 24. Bf5 Qe7 25. Re1 Qg5 26. Qf3 b4 27. h4 Qe7 28.
Rxe7 Bxe7 29. Qg4 bxc3 30. Be4 Bxd5 31. Bxd5 Rxd5 32. Qc4 Rd1+ 33. Kg2 Bf6 34. Qxc5 Rd2 35. Qc8+ Kh7 36. Qf5+ Kg8 37. Qc8+ Kh7 38. Qf5+ Kg8 39. Qc8+ 1/2-1/2

[Event "*** SCC Grand Prix: Titled Tuesday Blitz"]
[Site "Chess.com"]
[Date "2020.08.11"]
[Round "4"]
[White "talaicito"]
[Black "allvim"]
[Result "0-1"]
[WhiteElo "2101"]
[BlackElo "2386"]
[TimeControl "180+1"]
[EndTime "10:39:33 PDT"]
[Termination "allvim won by resignation"]

1. d4 Nf6 2. Bf4 d5 3. Nc3 c6 4. e3 e6 5. Nf3 Bd6 6. Bd3 b6 7. O-O O-O 8. Ne5 Bb7 9. g4 Bxe5 10. dxe5 Nfd7 11. Qf3 c5 12. Qh3 g6 13. Nb5 Nc6 14.
Nd6 Qc7 15. Qg3 f6 16. exf6 e5 17. f7+ Kh8 18. Nb5 exf4 19. Nxc7 fxg3 20. Nxa8 gxh2+ 21. Kxh2 Bxa8 22. Kg3 Rxf7 23. Rh1 Kg7 24. f4 Nb4 25. Rh2 Nxd3 26. cxd3 c4 27. Rah1 Kg8 28. d4 Nf6 29. a4 Bc6 30. a5 b5 31. f5 g5 32.
Kf3 Re7 33. Rh6 Kg7 34. Rxf6 Kxf6 35. Rh6+ Kf7 36. Rxc6 b4 37. Rc5 Rb7 38. Rxd5 c3 39. b3 Rc7 40. Ke2 c2 41. Rc5 Rxc5 42. dxc5 c1=Q 0-1

[Event "*** SCC Grand Prix: Titled Tuesday Blitz"]
[Site "Chess.com"]
[Date "2020.08.11"]
[Round "4"]
[White "mishanick"]
[Black "Chess_Boxer123"]
[Result "0-1"]
[WhiteElo "2975"]
[BlackElo "2577"]
[TimeControl "180+1"]
[EndTime "10:39:34 PDT"]
[Termination "Chess_Boxer123 won by resignation"]

1. d4 d5 2. c4 c6 3. Nf3 Nf6 4. Nc3 e6 5. Bg5 Nbd7 6. e3 Qa5 7.
Nd2 Bb4 8. Rc1 Ne4 9. Ndxe4 dxe4 10. Bh4 Qxa2 11. Qc2 O-O 12. Be2 e5 13. O-O Qa5 14.
Nxe4 exd4 15. exd4 Qf5 16. Bd3 Qh5 17. Bg3 Re8 18.
c5 Nf8 19. Nd6 Rd8 20. Qb3 a5 21. Bc4 Be6 22. f4 Bxc4 23. Qxc4 b5 24. Qb3 Bd2 25. Rcd1 a4 26. Qd3 Ba5 27. Qe4 Bc7 28. f5 Bxd6 29.
Bxd6 Rac8 30. g4 Qg5 31. Rfe1 Re8 32. Qg2 h5 33. h3 hxg4 34. Qxg4 Nh7 35. Rxe8+ Rxe8 36. d5 Qe3+ 37. Kh1 Nf6 38. Qg2 Nxd5 39. Rg1 Qe4 40. Kh2 Qxg2+ 41. Rxg2 b4 42. Rg3 Re2+ 43. Kg1 Rxb2 44. Be5 Rb1+ 45. Kg2 f6 46. Bd4 a3 47. h4 a2 48. h5 Kf7 49. Ba1 Rxa1 50. h6 0-1

[Event "*** SCC Grand Prix: Titled Tuesday Blitz"]
[Site "Chess.com"]
[Date "2020.08.11"]
[Round "4"]
[White "HonzaVykouk"]
[Black "IngOscarArdila"]
[Result "1-0"]
[WhiteElo "2585"]
[BlackElo "2202"]
[TimeControl "180+1"]
[EndTime "10:39:34 PDT"]
[Termination "HonzaVykouk won by resignation"]

1. e4 e5 2. Nf3 Nf6 3. Nxe5 d6 4. Nc4 Nxe4 5. Qe2 Qe7 6. Ne3 Nf6 7. b3 g6 8. Bb2 Bg7 9. Nd5 Nxd5 10. Bxg7 Rg8 11.
Qxe7+ Nxe7 12. Bb2 Bf5 13. Na3 Nd7 14. O-O-O c6 15.
Nc4 Nc8 16. Re1+ Kd8 17. Ne3 Be6 18. f4 f5 19. c4 Re8 20. g3 Nc5 21. Kc2 Kc7 22. Bg2 Bf7 23. Re2 a5 24. a3 Nb6 25.
Rhe1 Ne4 26. d3 Nc5 27. b4 axb4 28. axb4 Ncd7 29. Nd1 Rxe2+ 30. Rxe2 Re8 31. Rxe8 Bxe8 32. Ne3 Bf7 33. h3 Be6 34. Bf3 Na4 35. Ba1 Nab6 36. g4 fxg4 37. hxg4 d5 38. f5 gxf5 39. gxf5 Bf7 40. c5 Nc8 41. f6 Kd8 42. Nf5 Ke8 43. Bg4 Na7 44. Nd6+ Kf8 45. Bxd7 Nb5 46. Nxb5 cxb5 47.
Bc8 1-0

[Event "*** SCC Grand Prix: Titled Tuesday Blitz"]
[Site "Chess.com"]
[Date "2020.08.11"]
[Round "4"]
[White "vova-79"]
[Black "AJSC02"]
[Result "1-0"]
[WhiteElo "2454"]
[BlackElo "2259"]
[TimeControl "180+1"]
[EndTime "10:39:34 PDT"]
[Termination "vova-79 won on time"]

1. d4 Nf6 2. c4 g6 3. Nc3 Bg7 4. Nf3 O-O 5. g3 d5 6. cxd5 Nxd5 7. Bg2 Nxc3 8. bxc3 c5 9. O-O Nc6 10. e3 Bf5 11. Ba3 b6 12. dxc5 Bxc3 13. Rc1 Bb4 14. Bxb4 Nxb4 15. Nd4 Bd3 16. Re1 bxc5 17. Rxc5 Rc8 18.
Rxc8 Qxc8 19. Qa4 Qc3 20. Rd1 a6 21. a3 Nc2 22. Rxd3 Qxd3 23. Qxc2 Qxa3 24. Bf1 Qa1 25.
Kg2 Rb8 26. Qc4 Rb2 27. Qxa6 Qc1 28. Qa8+ Kg7 29. Qe4 Qd2 30. Qe5+ 1-0